 Dungeon Crawl Stone Soup version 0.29-a0-111-gbaf749a769 (webtiles) character file.

Game seed: 9701905561941926380

25 MudFish the Conjurer (level 2, -2/20 HPs)
             Began as a Draconian Conjurer on Feb 17, 2022.
             Slain by a goblin (3 damage)
             ... led by Robin
             ... on level 1 of the Dungeon.
             The game lasted 00:02:44 (1089 turns).

MudFish the Conjurer (Draconian Conjurer)           Turns: 1089, Time: 00:02:44

Health: -2/20      AC:  4    Str:  6 (9)  XL:     2   Next: 82%
Magic:  1/5        EV: 11    Int: 15 (18) God:
Gold:   27         SH:  0    Dex:  6 (9)  Spells: 3/6 levels left

rFire   . . .      SeeInvis .   a - staff of conjuration
rCold   . . .      Faith    .   (no shield)
rNeg    . . .      Spirit   .   (armour unavailable)
rPois   .          Reflect  .   (helmet restricted)
rElec   .          Harm     .   (no cloak)
rCorr   .          Rampage  .   (no gloves)
Will    .....                   (no boots)
Stlth   +.........              (no amulet)
HPRegen 0.06/turn               (no ring)
MPRegen 0.09/turn               (no ring)

@: flying
A: AC +4, unfitting armour, cold-blooded
a: no special abilities


You were on level 1 of the Dungeon.
You visited 1 branch of the dungeon, and saw 2 of its levels.

You collected 27 gold pieces.

Inventory:

Magical Staves
 a - a staff of conjuration (weapon)
Scrolls
 f - a scroll of brand weapon


   Skills:
 + Level 0.9 Staves
 - Level 1.7 Dodging
 - Level 1.7 Stealth
 * Level 2.5 Spellcasting
 * Level 4.3 Conjurations


You had 3 spell levels left.
You knew the following spells:

 Your Spells              Type           Power      Damage    Failure   Level
a - Magic Dart            Conj           88%        1d7       3%          1
b - Searing Ray           Conj           44%        2d6       5%          2

Your spell library contained the following spells:

 Spells                   Type           Power      Damage    Failure   Level
 Dazzling Flash           Conj/Hex       24%        N/A       26%         3
 Fulminant Prism          Conj/Hex       6%         3d7       65%         4
 Iskenderun's Mystic Bla  Conj/Tloc      12%        2d5       65%         4


Dungeon Overview and Level Annotations

Branches:
Dungeon (2/15)

Altars:

Annotations:
D:2 Robin


Innate Abilities, Weirdness & Mutations

Your plain brown scales are hard. (AC +4)
You cannot fit into any form of body armour.
You are cold-blooded and may be slowed by cold attacks.


Message History

(Press . to maintain the ray.)
The goblin hits you with a +0 dagger. x2; Robin throws the goblin at you!
The goblin closely misses you.
The searing ray misses the goblin.
The searing ray hits the goblin!
You kill the goblin!
The goblin misses you. The goblin hits you but does no damage.
A hobgoblin comes into view.
The goblin misses you.
Without enough magic to sustain it, your searing ray dissipates.
The goblin barely misses you. The goblin closely misses you.
The goblin misses you. The goblin hits you but does no damage.
The goblin closely misses you. The goblin hits you with a +0 club.
The goblin closely misses you. The goblin hits you but does no damage.
The goblin misses you. The goblin hits you but does no damage.
The goblin closely misses you.
The hobgoblin hits you but does no damage.
The goblin barely misses you. The goblin closely misses you.
The goblin hits you but does no damage.
You climb upwards.
There is a stone staircase leading down here.
You feel very buoyant.
You fly up into the air.
The hobgoblin closely misses you. The goblin barely misses you.
The goblin hits you with a +0 dagger.
It was a potion of degeneration.
There was something very wrong with that liquid.
You feel weakened.
You feel dopey.
You feel clumsy. The hobgoblin misses you. The goblin barely misses you.
The goblin hits you with a +0 dagger.
* * * LOW HITPOINT WARNING * * *
You hit the goblin.
The goblin is heavily wounded.
The hobgoblin misses you. The goblin hits you with a +0 dagger.
* * * LOW HITPOINT WARNING * * *
The goblin closely misses you.
You hit the goblin.
You kill the goblin!
The hobgoblin hits you but does no damage.
The goblin hits you with a +0 dagger.
You die...

##########.#####.#...##..........
#........#.......#...##.###.#####
#......#.#########...##.# #.#....
#......#.#.......#...##.###.#####
.......+.#.#####.#..............#
.......###.# #.##.....###.##..#
....#'## #.# #g##.#######.##...
....#.# #.# #g##.........##...
....#.# #.# #@######..........
#####.####.# #)gg..........#.##
##......# ########.....>...#
#.....### ##########.##.# #.....#
####.............# #.....#
#......#.....##..# #.....#
#...#...##........ #.....###
#.......####...... #.......#
#).......# ###...#


You could see a hobgoblin (strong) and 3 goblins.

Vanquished Creatures
  A dart slug (D:1)
  An endoplasm (D:1)
  A giant cockroach (D:1)
  7 goblins
  2 hobgoblins (D:1)
  2 ball pythons (D:1)
  A bat (D:1)
  4 frilled lizards (D:1)
  5 rats (D:1)
24 creatures vanquished.

Notes
Turn   | Place    | Note
-------+----------+-------------------------------------------
     0 | D:1      | MudFish the Draconian Conjurer began the quest for the Orb.
     0 | D:1      | Reached XP level 1. HP: 14/14 MP: 3/3
   370 | D:1      | Reached XP level 2. HP: 20/20 MP: 3/5
   419 | D:1      | Learned a level 2 spell: Searing Ray
  1077 | D:2      | Noticed Robin
  1088 | D:1      | HP: 1/20 [goblin[Robin] (2)]
  1089 | D:1      | Slain by a goblin

Illustrated notes

Levels and vault maps discovered:
D:1:      onia_arrival_pentagram, layout_basic, minmay_misc_feat_tower
D:2:      layout_loops_corners, uniq_robin, uniq_terence

Action                   || total
-------------------------++-------
Melee: Staff             ||     3
 Cast: Magic Dart        ||    23
       Searing Ray       ||     3
  Use: Scroll            ||     3
       Potion            ||     2
Armor: Skin              ||    10
Dodge: Dodged            ||    20

Table legend: (Time is in decaauts)
 A = Elapsed time spent in this place.
 B = Non-inter-level travel time spent in this place.
 C = Inter-level travel time spent in this place.
 D = Time resting spent in this place.
 E = Time spent auto-exploring this place.
 F = Levels seen in this place.
 G = Mean time per level.
                   A        B        C        D        E       F      G
               +--------+--------+--------+--------+--------+-----+--------+
         Total |   1090 |   1065 |     25 |     46 |    924 |   2 |  545.0 |
       Dungeon |   1090 |   1065 |     25 |     46 |    924 |   2 |  545.0 |
               +--------+--------+--------+--------+--------+-----+--------+

Top non-repeatable levels by time:
     D:1: 1074 daAuts
     D:2: 15 daAuts
